 Dungeon Crawl Stone Soup version 0.31-a0-466-g98c9adc2b6 (webtiles) character file.

Game seed: 6778692035472674635

1632 Lorrdernie the Spear-Bearer (level 8, -3/56 HPs)
             Began as a Merfolk Gladiator on Aug 6, 2023.
             Was a Believer of Okawaru.
             Slain by an unseen horror (6 damage)
             ... on level 6 of the Dungeon.
             The game lasted 00:07:20 (6060 turns).

Lorrdernie the Spear-Bearer (Merfolk Gladiator)     Turns: 6060, Time: 00:07:20

Health: -3/56      AC:  6    Str: 15    XL:     8   Next: 98%
Magic:  11/11      EV: 14    Int:  9    God:    Okawaru [**....]
Gold:   279        SH:  5    Dex: 15    Spells: 7/7 levels left

rFire   . . .        a - +0 trident
rCold   . . .        A - +0 buckler
rNeg    . . .        b - +0 leather armour
rPois   .            c - +0 helmet
rElec   .            (no cloak)
rCorr   .            B - +0 pair of gloves
SInv    .            m - +0 pair of boots
Will    .....        (no amulet)
Stlth   +            (no ring)
HPRegen 0.29/turn    (no ring)
MPRegen 0.12/turn

%: no passive effects
@: studying Ranged Weapons
A: (nimble swimmer 2), mertail
a: Renounce Religion, Heroism


You were on level 6 of the Dungeon.
You worshipped Okawaru.
Okawaru was pleased with you.
You visited 1 branch of the dungeon, and saw 6 of its levels.

You collected 399 gold pieces.
You spent 120 gold pieces at shops.

Inventory:

Hand Weapons
 a - a +0 trident (weapon)
Missiles
 d - 3 throwing nets (quivered)
 e - a javelin
 h - 4 curare-tipped darts
 u - 15 poisoned darts
Armour
 b - a +0 leather armour (worn)
 c - a +0 helmet (worn)
 m - a +0 pair of boots (worn)
 A - a +0 buckler (worn)
 B - a +0 pair of gloves (worn)
Jewellery
 p - a ring of poison resistance
 E - an amulet of reflection
Wands
 s - a wand of polymorph (12)
 w - a wand of mindburst (11)
 G - a wand of flame (17)
Scrolls
 j - 4 scrolls of identify {unknown}
 k - a scroll of blinking {unknown}
 l - 2 scrolls of teleportation {unknown}
 o - 4 scrolls of poison {unknown}
 q - a scroll of fog {unknown}
 t - a scroll of immolation {unknown}
 v - a scroll of amnesia {unknown}
 y - a scroll of torment {unknown}
 D - a scroll of revelation {unknown}
Potions
 f - a potion of curing
 g - a potion of heal wounds {unknown}
 i - 2 potions of degeneration {unknown}
 n - a potion of ambrosia {unknown}
 r - a potion of haste {unknown}
 x - 2 potions of lignification
 z - 2 potions of cancellation {unknown}
 C - a potion of might
 F - a potion of enlightenment {unknown}


   Skills:
 - Level 2.1 Fighting
 * Level 11.9 Polearms
 - Level 2.0 Throwing
 + Level 6.7 Dodging
 + Level 3.3 Shields
 - Level 4.0 Invocations


You had 7 spell levels left.
You didn't know any spells.
Your spell library contained the following spells:

 Spells                   Type           Power      Damage    Failure   Level
 Wereblood                Tmut           0%         N/A       69%         2
 Irradiate                Conj/Tmut      0%         3d11      100%        5


Dungeon Overview and Level Annotations

Branches:
Dungeon (6/15)             Temple (0/1) D:4

Altars:
Cheibriados
Dithmenos
Gozag
Kikubaaqudgha
Nemelex Xobeh
Okawaru
Trog
Vehumet
Wu Jian
Xom

Shops:
D:5 *[!


Innate Abilities, Weirdness & Mutations

((You are very nimble when in or above water. (Stealth+, EV+, Speed+++)))
Your lower body shifts to a powerful aquatic tail in water.


Message History

You puncture the orc!
You kill the orc!
Okawaru accepts your kill. Something hits you.
Things that are here:
a +0 morningstar; a bullfrog corpse You hit something.
Something hits you but does no damage.
You closely miss something. Something barely misses you.
You hit something. Something hits you.
You puncture something! You completely miss something.
You hear some strange, mumbled words.
You are confused.
Something barely misses you.
You bump into the rock wall.
Something hits you.
* * * LOW HITPOINT WARNING * * *
You bump into the rock wall.
Something hits you.
* * * LOW HITPOINT WARNING * * *
You bump into the rock wall.
Something hits you but does no damage.
You bump into the rock wall.
Something hits you.
* * * LOW HITPOINT WARNING * * *
You feel better. Something hits you.
* * * LOW HITPOINT WARNING * * *
You miss something.
You hear some strange, mumbled words.
Something tries to affect you, but you resist.
You miss something.
You hear some strange, mumbled words.
A magic dart appears from out of thin air!
The magic dart hits you.
* * * LOW HITPOINT WARNING * * *
You miss something.
Okay, then.
Something hits you but does no damage. Something hits you!
* * * LOW HITPOINT WARNING * * *
Something hits you but does no damage.
You hear some strange, mumbled words.
Something hits you.
You die...

#........# #...........<... #
###...#..# #..........).... #
#..o#..# #............... #
#.?.#..# #............... #
#####o## #<.............. # #)#
#....##.##.##### # #.#
#....##)##.# # #
#o#####....##.##.#####
############....@.........#......
..........................#......
######################....#......
..........................#......
......################....#..>...
......# #....#...... ##########
#....#...... ..........
#####....#...... ...........
#........#......


You could see an orc.

Vanquished Creatures
  Menkaure (D:5)
  2 black bears
  An orc warrior (D:6)
  A centaur (D:6)
  A kobold brigand (D:4)
  A bullfrog (D:6)
  3 scorpions
  4 wights (D:6)
  2 jellies
  A howler monkey (D:4)
  5 hounds
  2 orc priests
  A sleepcap (D:5)
  3 iguanas
  2 orc wizards (D:6)
  7 adders
  A shadow imp (D:5)
  2 ufetubi
  A worm (D:2)
  2 dart slugs
  20 orcs
  4 ball pythons
  3 endoplasms
  2 giant cockroaches
  7 hobgoblins
  2 jackals (D:2)
  4 kobolds
  2 quokkas
  4 bats
  2 frilled lizards (D:1)
  7 goblins
  10 rats
110 creatures vanquished.

Notes
Turn   | Place    | Note
-------+----------+-------------------------------------------
     0 | D:1      | Lorrdernie the Merfolk Gladiator began the quest for the
                  | Orb.
     0 | D:1      | Reached XP level 1. HP: 16/16 MP: 1/1
   102 | D:1      | Reached XP level 2. HP: 17/22 MP: 2/2
   492 | D:1      | Reached skill level 5 in Polearms
   621 | D:1      | Reached XP level 3. HP: 27/27 MP: 3/3
  1035 | D:2      | Reached skill level 6 in Polearms
  1421 | D:3      | Reached XP level 4. HP: 33/33 MP: 4/4
  1516 | D:3      | Found a shimmering altar of Xom.
  1838 | D:3      | Found an opulent altar of Gozag.
  2257 | D:4      | Noticed a black bear
  2446 | D:4      | Found a shadowy altar of Dithmenos.
  2464 | D:4      | Reached skill level 7 in Polearms
  2548 | D:4      | Reached XP level 5. HP: 27/38 MP: 5/5
  2647 | D:4      | Found an iron altar of Okawaru.
  2660 | D:4      | Became a worshipper of Warmaster Okawaru
  2747 | D:4      | Reached skill level 8 in Polearms
  2821 | D:4      | Noticed a kobold brigand
  2843 | D:4      | Reached XP level 6. HP: 22/44 MP: 6/6
  2973 | D:4      | Reached skill level 9 in Polearms
  3178 | D:4      | Killed a black bear
  3179 | D:4      | Reached skill level 1 in Invocations
  3425 | D:4      | Found a staircase to the Ecumenical Temple.
  3458 | D:4      | Found a snail-covered altar of Cheibriados.
  3519 | D:4      | Found a sparkling altar of Nemelex Xobeh.
  3546 | D:4      | Reached XP level 7. HP: 44/50 MP: 7/7
  3672 | D:5      | Entered Level 5 of the Dungeon
  3740 | D:5      | Found Gasomm's Antique Armour Shop.
  3807 | D:5      | Found an ancient bone altar of Kikubaaqudgha.
  3893 | D:5      | Found an ornate altar of the Wu Jian Council.
  3916 | D:5      | Reached * piety under Okawaru
  3936 | D:5      | Reached skill level 10 in Polearms
  3951 | D:5      | Found a radiant altar of Vehumet.
  3996 | D:5      | Found Jittuafe's Assorted Antiques.
  4101 | D:5      | Found Seas's Distillery.
  4112 | D:5      | Noticed Menkaure
  4121 | D:5      | Killed Menkaure
  4122 | D:5      | Reached skill level 5 in Dodging
  4122 | D:5      | Reached skill level 1 in Shields
  4123 | D:5      | Bought a potion of might for 48 gold pieces
  4123 | D:5      | Bought a potion of curing for 36 gold pieces
  4123 | D:5      | Bought a potion of lignification for 36 gold pieces
  4653 | D:5      | Reached XP level 8. HP: 40/56 MP: 8/10
  5027 | D:6      | Found a bloodstained altar of Trog.
  5142 | D:6      | Reached ** piety under Okawaru
  5143 | D:6      | Reached skill level 11 in Polearms
  6060 | D:6      | Slain by an unseen horror

Illustrated notes

Levels and vault maps discovered:
D:1:      grunt_arrival_crossed_arrows, layout_basic,
          chequers_serial_rivers_small_3
D:2:      layout_loops_ring, minmay_misc_feat_tiny
D:3:      layout_loops_corners, nicolae_gozag_cash_rules_everything_around_me,
          mainiacjoe_overflow_boulevard
D:4:      minmay_chambers_of_fours, layout_basic, okawaru_gym_becter,
          nemelex_dance_club_becter, nicolae_overflow_crystal_walls,
          nicolae_dithmenos_through_a_glass_darkly, temple_hall,
          minmay_misc_feat_x, st_stairs_1
D:5:      layout_basic, nicolae_vehumet_altar_sigil, mainiacjoe_overflow_paths,
          mainiacjoe_overflow_tiny_flanked, serial_shops,
          nicolae_shop_hallway_plus, shop, nicolae_shop_tiny_real_fake_doors,
          uniq_menkaure
D:6:      layout_basic, mainiacjoe_overflow_six_doors_small, minmay_manual_mess

Skill      XL: |  1  2  3  4  5  6  7  8 |
---------------+-------------------------+-----
Polearms       | 5 6 7 8 9 10 11 | 11.9
Invocations    | 1 2 4 |  4.0
Dodging        | 5 6 |  6.7
Shields        | 1 3 |  3.3
Fighting       | |  2.1
Throwing       | |  2.0

Action                     |  1- 3 |  4- 6 |  7- 9 || total
---------------------------+-------+-------+-------++-------
  Melee: Trident           |    95 |   108 |   285 ||   488
         Tailslap          |       |       |     4 ||     4
    Use: Potion            |       |       |     1 ||     1
   Stab: Sleeping          |     3 |     1 |     1 ||     5
 Armour: Leather armour    |    19 |    20 |    33 ||    72
  Dodge: Dodged            |    37 |    51 |   110 ||   198
  Block: Buckler           |       |       |    41 ||    41

Table legend: (Time is in decaauts)
 A = Elapsed time spent in this place.
 B = Non-inter-level travel time spent in this place.
 C = Inter-level travel time spent in this place.
 D = Time resting spent in this place.
 E = Time spent auto-exploring this place.
 F = Levels seen in this place.
 G = Mean time per level.
                   A        B        C        D        E       F      G
               +--------+--------+--------+--------+--------+-----+--------+
         Total |   5986 |   5723 |    263 |    548 |   4329 |   6 |  997.7 |
       Dungeon |   5986 |   5723 |    263 |    548 |   4329 |   6 |  997.7 |
               +--------+--------+--------+--------+--------+-----+--------+

Top non-repeatable levels by time:
     D:4: 1254 daAuts
     D:6: 1233 daAuts
     D:5: 1092 daAuts
     D:3: 1045 daAuts
     D:1: 721 daAuts
     D:2: 638 daAuts
